 Dungeon Crawl Stone Soup version 0.20-a0-493-g19c8d8d (webtiles) character file.

199 Faca the Chopper (level 5, -3/47 HPs)
             Began as a Hill Orc Fighter on Jan 16, 2017.
             Slain by Sigmund
             ... wielding a +0 scythe
              (7 damage)
             ... on level 2 of the Dungeon.
             The game lasted 00:05:42 (1979 turns).

Faca the Chopper (Hill Orc Fighter)                 Turns: 1979, Time: 00:05:42

Health: -3/47      AC:  8    Str: 24    XL:     5   Next: 77%
Magic:  5/5        EV: 10    Int: 10    God:
Gold:   72         SH:  5    Dex: 13    Spells: 4/4 levels left

rFire    . . .     SeeInvis .   a - +0 war axe
rCold    . . .     Gourm    .   b - +0 scale mail
rNeg     . . .     Faith    .   n - +0 buckler
rPois    .         Spirit   .   o - +0 helmet
rElec    .         Reflect  .   (no cloak)
rCorr    .         Harm     .   (no gloves)
MR       .....                  (no boots)
Stlth    +.........             (no amulet)
Regen    0.2/turn               m - ring of stealth
                                j - +2 ring of dexterity

@: mighty
A: blurry vision 1, clever 1, screaming 1
a: no special abilities


You were on level 2 of the Dungeon.
You were not hungry.

You visited 1 branch of the dungeon, and saw 2 of its levels.

You collected 72 gold pieces.

Inventory:

Hand Weapons
 a - a +0 war axe (weapon)
Armour
 b - a +0 scale mail (worn)
 c - a +0 shield
 n - a +0 buckler (worn)
 o - a +0 helmet (worn)
Jewellery
 j - a +2 ring of dexterity (left hand)
 m - a ring of stealth (right hand)
Scrolls
 h - 2 scrolls of remove curse
 p - a scroll of teleportation {unknown}
Potions
 g - 2 potions of flight
 k - a potion of agility
 l - a potion of invisibility
 q - a potion of resistance
Comestibles
 f - a bread ration
 i - a beef jerky


   Skills:
 + Level 4.6 Fighting
 + Level 5.2 Axes
 + Level 4.2 Armour
 + Level 1.0 Dodging
 + Level 3.8 Shields


You had 4 spell levels left.
You didn't know any spells.

Dungeon Overview and Level Annotations

Branches:
Dungeon (2/15)

Altars:

Annotations:
D:2 Sigmund


Innate Abilities, Weirdness & Mutations

Scrolls take you a little longer to read.
Your mind is acute. (Int +2)
You occasionally shout uncontrollably at your foes.


Message History

Deactivating autopickup; reactivate with Ctrl-A.
Natasha claws you.
You feel very mighty all of a sudden. Something hits you but does no damage.
Natasha misses you.
You slice Natasha!!
You kill Natasha!
You feel Natasha's spirit has finally been put to rest.
Your Dodging skill increases to level 1!
Something hits you!
Things that are here:
a fluorescent wand; a cyan potion; the felid corpse of Natasha You miss something.
Something hits you.
* * * LOW HITPOINT WARNING * * *
You slash something! You block something's attack.
You hit something. Something hits you!
* * * LOW HITPOINT WARNING * * *
You miss something. Something hits you but does no damage.
You miss something. You closely miss something. Something hits you!
You die...

....'.#
#....†...##.....##
....###
#........#####...#
....# +........#
#.#.## #####
#........# #.#..# #
##.....### #..#.#
#####'########.#.#
#.......##...#.#.#
#.......##.#.#...#
#.@.....##....#..#
#{......####.....#
.'...........#+#..##
###..............#...
######.........#...
##....)...#...
#........'... ######
#........#... #....#
#........#..>


There were no monsters in sight!

Vanquished Creatures
  Natasha (thrice) (D:2)
  Terence (D:2)
  Robin (D:2)
  3 adders (D:2)
  A worm (D:2)
  3 dart slugs
  3 leopard geckos
  6 bats
  A giant cockroach (D:1)
  10 goblins
  7 hobgoblins
  A quokka (D:2)
  4 frilled lizards (D:2)
  5 kobolds
  5 rats
54 creatures vanquished.

Notes
Turn   | Place    | Note
-------+----------+-------------------------------------------
     0 | D:1      | Faca the Hill Orc Fighter began the quest for the Orb.
     0 | D:1      | Reached XP level 1. HP: 19/19 MP: 1/1
   181 | D:1      | Reached XP level 2. HP: 27/27 MP: 2/2
   235 | D:1      | Reached skill level 3 in Axes
   773 | D:2      | Reached XP level 3. HP: 33/33 MP: 3/3
   814 | D:2      | Noticed Robin
   820 | D:2      | Killed Robin
   820 | D:2      | Reached skill level 4 in Axes
   820 | D:2      | Reached XP level 4. HP: 16/40 MP: 4/4
  1150 | D:2      | Noticed Terence
  1161 | D:2      | Killed Terence
  1771 | D:2      | Noticed Natasha
  1780 | D:2      | Reached XP level 5. HP: 38/47 MP: 5/5
  1786 | D:2      | Killed Natasha
  1787 | D:2      | Gained mutation: You occasionally shout uncontrollably at your foes. [potion of mutation]
  1787 | D:2      | Gained mutation: Scrolls take you a little longer to read. [potion of mutation]
  1787 | D:2      | Gained mutation: Your mind is acute. (Int +2) [potion of mutation]
  1931 | D:2      | Noticed Natasha
  1939 | D:2      | Killed Natasha
  1939 | D:2      | Reached skill level 5 in Axes
  1967 | D:2      | Noticed Natasha
  1968 | D:2      | Noticed Sigmund
  1972 | D:2      | Killed Natasha
  1972 | D:2      | Reached skill level 1 in Dodging
  1979 | D:2      | Slain by Sigmund

Vault maps used:
D:1:      roderic_chinese_lattice_arrival
D:2:      uniq_robin, uniq_sigmund, uniq_terence, uniq_natasha

Skill      XL: |  1  2  3  4  5 |
---------------+----------------+-----
Axes           | 3 4 5 |  5.2
Fighting       | 4 |  4.6
Armour         | 4 |  4.2
Dodging        | 1 |  1.0
Shields        | |  3.8

Action                   |  1- 3 |  4- 6 || total
-------------------------+-------+-------++-------
Melee: War axe           |    94 |    95 ||   189
  Use: Scroll            |     2 |     3 ||     5
       Potion            |       |     3 ||     3
  Eat: Meat ration       |       |     1 ||     1
Armor: Scale mail        |    38 |    62 ||   100
Dodge: Dodged            |    38 |    48 ||    86
Block: Shield            |    22 |       ||    22
       Buckler           |     6 |    24 ||    30
